 Dungeon Crawl Stone Soup version 0.31-a0-620-gd1cbd99268 (webtiles) character file.

Game seed: 9111831813163024827

3 Aj7335 the Grave Robber (level 1, 0/13 HPs)
             Began as a Demonspawn Necromancer on Aug 23, 2023.
             Slain by a quokka (4 damage)
             ... on level 1 of the Dungeon.
             The game lasted 00:00:17 (177 turns).

Aj7335 the Grave Robber (Demonspawn Necromancer)     Turns: 177, Time: 00:00:18

Health: 0/13       AC:  2    Str:  8    XL:     1   Next: 41%
Magic:  3/3        EV: 12    Int: 16    God:
Gold:   46         SH:  0    Dex: 13    Spells: 3/4 levels left

rFire   . . .        (no weapon)
rCold   . . .        (no shield)
rNeg    . . .        a - +0 robe
rPois   .            (no helmet)
rElec   .            (no cloak)
rCorr   .            (no gloves)
SInv    .            (no boots)
Will    .....        (no amulet)
Stlth   ++           (no ring)
HPRegen 0.22/turn    (no ring)
MPRegen 0.08/turn

%: no passive effects
@: no status effects
A: no striking features
a: no special abilities


You were on level 1 of the Dungeon.
You visited 1 branch of the dungeon, and saw 1 of its levels.

You collected 46 gold pieces.

Inventory:

Armour
 a - a +0 robe (worn)
Scrolls
 c - a scroll of enchant weapon {unknown}
Potions
 b - a potion of magic


   Skills:
 + Level 1.7 Dodging
 + Level 1.7 Stealth
 + Level 2.0 Spellcasting
 + Level 4.5 Necromancy


You had 3 spell levels left.
You knew the following spells:

 Your Spells              Type           Power      Damage    Failure   Level
a - Necrotise             Necr           64%        1d7       3%          1

Your spell library contained the following spells:

 Spells                   Type           Power      Damage    Failure   Level
 Vampiric Draining        Necr           16%        2d7       10%         3
 Animate Dead             Necr           16%        N/A       32%         4
 Agony                    Necr           16%        N/A       65%         5


Dungeon Overview and Level Annotations

Branches:
Dungeon (1/15)

Altars:


Message History

The quokka closely misses you. The rat closely misses you.
There are monsters nearby!
You barely miss the rat.
The rat is moderately wounded.
The quokka bites you but does no damage.
The quokka barely misses you. The rat barely misses you.
There are monsters nearby!
You hit the rat.
The rat is severely wounded.
The quokka barely misses you. The rat misses you.
There are monsters nearby!
You closely miss the rat.
The rat is severely wounded.
The quokka bites you. The rat bites you.
There are monsters nearby!
You closely miss the rat.
The rat is severely wounded.
The quokka closely misses you. The rat closely misses you.
There are monsters nearby!
You closely miss the rat.
The rat is severely wounded.
The quokka bites you but does no damage.
The rat closely misses you.
There are monsters nearby!
You hit the rat.
You kill the rat!
The quokka bites you. The quokka barely misses you.
A quokka is nearby!
You are too injured to fight recklessly!
A quokka is nearby!
You are too injured to fight recklessly!
A quokka is nearby!
You hit the quokka.
The quokka is moderately wounded.
The quokka bites you.
* * * LOW HITPOINT WARNING * * *
You hit the quokka but do no damage.
The quokka is moderately wounded.
The quokka bites you.
You die...

#########.########.
##... #..# . #..
#.## #.# #.# #.#
#.# #..###.########
.......r@.......
################


You could see a quokka.

Vanquished Creatures
  3 ball pythons (D:1)
  A rat (D:1)
4 creatures vanquished.

Notes
Turn   | Place    | Note
-------+----------+-------------------------------------------
     0 | D:1      | Aj7335 the Demonspawn Necromancer began the quest for the
                  | Orb.
     0 | D:1      | Reached XP level 1. HP: 13/13 MP: 3/3
   177 | D:1      | Slain by a quokka

Illustrated notes

Levels and vault maps discovered:
D:1:      dpeg_arrival_central, layout_rooms, minmay_3d_cube

Action                     || total
---------------------------++-------
  Melee: Unarmed           ||    28
 Armour: Robe              ||     3
  Dodge: Dodged            ||    23

Table legend: (Time is in decaauts)
 A = Elapsed time spent in this place.
 B = Non-inter-level travel time spent in this place.
 C = Inter-level travel time spent in this place.
 D = Time resting spent in this place.
 E = Time spent auto-exploring this place.
 F = Levels seen in this place.
 G = Mean time per level.
                   A        B        C        D        E       F      G
               +--------+--------+--------+--------+--------+-----+--------+
         Total |    177 |    177 |      0 |      0 |    137 |   1 |  177.0 |
       Dungeon |    177 |    177 |      0 |      0 |    137 |   1 |  177.0 |
               +--------+--------+--------+--------+--------+-----+--------+

Top non-repeatable levels by time:
     D:1: 177 daAuts
